 Dungeon Crawl Stone Soup version 0.28.0-53-g5a82cb258f (webtiles) character file.

Game seed: 6978992203181424276

414 issech the Chopper (level 6, 0/55 HPs)
             Began as a Minotaur Monk on May 31, 2022.
             Slain by a vampire (3 damage)
             ... on level 5 of the Dungeon.
             The game lasted 00:11:20 (3755 turns).

issech the Chopper (Minotaur Monk)                  Turns: 3755, Time: 00:11:20

Health: 0/55       AC: 11    Str: 16    XL:     6   Next: 60%
Magic:  5/5        EV:  6    Int:  7    God:
Gold:   154        SH:  0    Dex: 14    Spells: 5/5 levels left

rFire   . . .      SeeInvis .   L - +1 dagger (venom)
rCold   . . .      Faith    .   (no shield)
rNeg    . . .      Spirit   .   h - +0 plate armour
rPois   +          Reflect  .   (helmet restricted)
rElec   .          Harm     .   (no cloak)
rCorr   .          Rampage  .   (no gloves)
Will    .....                   (no boots)
Stlth   ..........              (no amulet)
HPRegen 0.18/turn               f - ring of poison resistance
MPRegen 0.09/turn               G - ring of flight

@: flying
A: horns 2, retaliatory headbutt
a: no special abilities


You were on level 5 of the Dungeon.
You visited 1 branch of the dungeon, and saw 5 of its levels.

You collected 154 gold pieces.

Inventory:

Hand Weapons
 a - a +0 hand axe
 d - a +1 whip of draining
 y - a +0 flail
 A - a +0 short sword
 C - a +0 flail
 E - a +0 club
 J - a +0 dagger
 K - a +0 dagger
 L - a +1 dagger of venom (weapon)
 M - a +0 club
 O - a +0 whip
 Q - a +0 club
 R - a +0 club
 S - a +0 dagger
 T - a +0 falchion
 U - a +0 flail
 V - a +0 hand axe
 W - a +0 morningstar
 Y - a +0 mace
Missiles
 c - 94 stones
 m - 6 javelins
 p - 60 arrows
 s - 38 bolts
 u - 2 boomerangs (quivered)
Armour
 b - a +0 robe
 e - a +0 leather armour
 h - a +0 plate armour (worn)
 j - a +0 robe
 B - a +0 chain mail
 D - a +0 ring mail
 F - a +0 leather armour
 P - a +0 scale mail
Magical Staves
 i - a staff of cold
 x - a staff of fire
Jewellery
 f - a ring of poison resistance (left hand)
 G - a ring of flight (right hand)
Scrolls
 g - a scroll of fog {unknown}
 k - a scroll of enchant weapon {unknown}
 l - a scroll of enchant armour {unknown}
 n - 2 scrolls of noise {unknown}
 r - a scroll of immolation {unknown}
 v - a scroll of magic mapping {unknown}
 w - 2 scrolls of identify {unknown}
 I - 3 scrolls of teleportation {unknown}
 N - a scroll of silence {unknown}
 X - a scroll of amnesia {unknown}
Potions
 o - 2 potions of might {unknown}
 q - a potion of magic {unknown}
 t - 2 potions of curing {unknown}
 z - a potion of mutation {unknown}
 H - a potion of heal wounds {unknown}
 Z - a potion of degeneration {unknown}


   Skills:
 + Level 4.9 Fighting
 + Level 0.2 Short Blades
 + Level 6.4 Axes
 + Level 4.0 Armour
 + Level 4.2 Dodging
 + Level 1.6 Stealth


You had 5 spell levels left.
You didn't know any spells.
Your spell library was empty.

Dungeon Overview and Level Annotations

Branches:
Dungeon (4/15)
 Temple: D:4-7

Altars:
Elyvilon
Makhleb
Trog
Vehumet

Annotations:
D:3 exclusion: statue


Innate Abilities, Weirdness & Mutations

You have a pair of horns on your head.
You reflexively headbutt those who attack you in melee.


Message History

Deactivating autopickup; reactivate with Ctrl-A.
The iguana bites you.
There is an open door here.
You hit the iguana but do no damage.
The iguana looks even sicker.
Your headbutt misses the iguana.
The iguana is severely wounded.
The iguana bites you but does no damage.
You hit the iguana but do no damage.
The iguana looks as sick as possible!
The iguana is severely wounded.
The iguana bites you!
You closely miss the iguana.
The iguana is almost dead.
You kill the iguana!
Your Armour skill increases to level 4!
You miss something. Something hits you but does no damage. Something bites you.
Something draws strength from your injuries!
You hit something but do no damage. You punch something. Something hits you!
Something bites you.
Something draws strength from your injuries!
You hit something but do no damage. You headbutt something.
Something hits you but does no damage. Something bites you.
Something draws strength from your injuries!
You miss something. You headbutt something.
Something hits you but does no damage. Something bites you.
Something draws strength from your injuries!
You miss something. Your headbutt misses something.
Something completely misses you. x2
You hit something. Something hits you!
* * * LOW HITPOINT WARNING * * *
Something bites you.
* * * LOW HITPOINT WARNING * * *
Something draws strength from your injuries!
You completely miss something. You headbutt something. Something hits you.
* * * LOW HITPOINT WARNING * * *
Something bites you.
* * * LOW HITPOINT WARNING * * *
Something draws strength from your injuries!
You hit something but do no damage. Something hits you but does no damage.
Something bites you.
You die...

.....................###.
..................(......
............####..##....#
............# #..o....[.
............# #o##......
............# #...oo....
............# ##.##.....
............# #..#.o...
........@...# ###.#.....
........{...####.........
........####†...........#
###.......†'†.....#.....#
#.########......#.....#
#.#.............#.....# #
#.#####.......##.####
#...............##.#
###.###.#.......# ..


There were no monsters in sight!

Vanquished Creatures
  2 scorpions
  2 hounds
  A bullfrog skeleton (D:4)
  2 iguanas
  5 adders
  3 dart slugs
  12 orcs
  7 endoplasms
  2 giant cockroaches (D:2)
  7 goblins
  10 hobgoblins
  3 jackals (D:2)
  4 quokkas
  8 ball pythons
  8 bats
  18 frilled lizards
  8 kobolds
  4 rats
106 creatures vanquished.

Vanquished Creatures (others)
  A fungus (D:2)
1 creature vanquished.

Grand Total: 107 creatures vanquished

Notes
Turn   | Place    | Note
-------+----------+-------------------------------------------
     0 | D:1      | issech the Minotaur Monk began the quest for the Orb.
     0 | D:1      | Reached XP level 1. HP: 19/19 MP: 0/0
   102 | D:1      | Reached XP level 2. HP: 24/27 MP: 1/1
   291 | D:1      | Reached skill level 4 in Axes
   407 | D:1      | Reached XP level 3. HP: 24/33 MP: 2/2
   997 | D:2      | Found a bloodstained altar of Trog.
  1223 | D:2      | Found a faded altar of an unknown god.
  1396 | D:2      | Reached XP level 4. HP: 35/40 MP: 3/3
  1981 | D:3      | Reached skill level 5 in Axes
  2098 | D:3      | Noticed a scorpion
  2102 | D:3      | Reached skill level 1 in Armour
  2106 | D:3      | Killed a scorpion
  2107 | D:3      | Reached XP level 5. HP: 47/47 MP: 4/4
  2291 | D:3      | Found a radiant altar of Vehumet.
  2291 | D:3      | Noticed a frost-covered statue
  2543 | D:3      | Found a burning altar of Makhleb.
  3076 | D:4      | Reached skill level 6 in Axes
  3076 | D:4      | Reached XP level 6. HP: 40/55 MP: 5/5
  3358 | D:4      | Found a white marble altar of Elyvilon.
  3627 | D:4      | You are sucked into a shaft and drop 1 floor!
  3627 | D:5      | Entered Level 5 of the Dungeon
  3727 | D:5      | Noticed a vampire
  3755 | D:5      | Slain by a vampire

Illustrated notes

Levels and vault maps discovered:
D:1:      ncdulo_smallfort, layout_basic, minmay_misc_feat_square,
          minmay_lizard_pond
D:2:      layout_loops_cross, dreamdust_ecumenical_altar_grove, basic_altar,
          chequers_serial_rivers_small_b
D:3:      layout_basic, vehumet_statue, lightli_temple_of_fire,
          kennysheep_another_room, dk_noncrumbling_2, serial_park_tiny_2
D:4:      wander_river, layout_basic, kennysheep_mini_moat
D:5:      layout_basic, tso_metal_star

Skill      XL: |  1  2  3  4  5  6 |
---------------+-------------------+-----
Axes           | 4 5 6 |  6.4
Fighting       | 4 |  4.9
Dodging        | 4 |  4.2
Armour         | 2 3 4 |  4.0
Short Blades   | |  0.2
Stealth        | |  1.6

Action                   |  1- 3 |  4- 6 || total
-------------------------+-------+-------++-------
Melee: Hand axe          |   109 |   104 ||   213
       Headbutt          |    12 |    33 ||    45
       Punch             |       |     4 ||     4
       Dagger            |       |    40 ||    40
 Stab: Sleeping          |     1 |       ||     1
Armor: Robe              |     5 |       ||     5
       Leather armour    |     2 |       ||     2
       Plate armour      |    71 |    93 ||   164
Dodge: Dodged            |    58 |    46 ||   104
